 Dungeon Crawl Stone Soup version 0.28.0 (webtiles) character file.

Game seed: 10122040954255732469

266 Host24 the Bolt Thrower (level 6, -23/37 HPs)
             Began as a Kobold Hunter on Feb 5, 2022.
             Killed by an exploding phantom (37 damage)
             ... ignited by their inner flame
             ... on level 4 of the Dungeon.
             The game lasted 00:07:36 (3918 turns).

Host24 the Bolt Thrower (Kobold Hunter)             Turns: 3918, Time: 00:07:39

Health: -23/37     AC:  3    Str: 12    XL:     6   Next: 44%
Magic:  6/6        EV: 15    Int: 18    God:
Gold:   181        SH:  0    Dex: 15    Spells: 5/5 levels left

rFire   . . .      SeeInvis .   a - +1 hand crossbow
rCold   . . .      Faith    .   (no shield)
rNeg    + . .      Spirit   .   c - +0 leather armour
rPois   .          Reflect  .   (no helmet)
rElec   .          Harm     .   (no cloak)
rCorr   .          Rampage  .   (no gloves)
Will    .....                   (no boots)
Stlth   +++.......              o - amulet of regeneration
HPRegen 0.92/turn               e - ring of positive energy
MPRegen 0.10/turn               s - +6 ring of intelligence

@: attractive
A: small, no large weapons, nightstalker 3
a: no special abilities


You were on level 4 of the Dungeon.
You visited 1 branch of the dungeon, and saw 4 of its levels.

You collected 181 gold pieces.

Inventory:

Hand Weapons
 a - a +1 hand crossbow (weapon)
 q - a +1 dagger of venom
Missiles
 i - 75 stones
 k - 38 sling bullets
 n - 8 poisoned darts
 r - 2 javelins
 w - 5 silver boomerangs
 x - a boomerang
 C - 22 arrows
Armour
 c - a +0 leather armour (worn)
 D - a +2 pair of boots
Jewellery
 e - a ring of positive energy (left hand)
 o - an amulet of regeneration (around neck)
 s - a +6 ring of intelligence (right hand)
Scrolls
 f - a scroll of teleportation {unknown}
 g - a scroll of brand weapon {unknown}
 j - 3 scrolls of fear
 p - a scroll of enchant weapon
Potions
 b - a potion of ambrosia {unknown}
 h - a potion of degeneration {unknown}
 m - a potion of attraction
 u - a potion of mutation {unknown}
 v - a potion of brilliance {unknown}
 z - a potion of resistance {unknown}
 A - a potion of might {unknown}


   Skills:
 - Level 3.1 Fighting
 + Level 7.7 Crossbows
 - Level 4.0 Dodging
 - Level 1.3 Stealth


You had 5 spell levels left.
You didn't know any spells.
Your spell library contained the following spells:

 Spells                   Type           Power      Damage    Failure   Level
 Animate Skeleton         Necr           0%         N/A       28%         1
 Pain                     Necr           0%         1d4       28%         1
 Conjure Flame            Conj/Fire      0%         6-21      63%         3
 Ignite Poison            Fire/Tmut/Pois 0%         N/A       63%         3
 Mephitic Cloud           Conj/Pois/Air  0%         N/A       63%         3
 Vampiric Draining        Necr           0%         2d6       63%         3
 Sticky Flame             Conj/Fire      0%         2d3       95%         4
 Freezing Cloud           Conj/Ice/Air   0%         6-21      100%        5


Dungeon Overview and Level Annotations

Branches:
Dungeon (4/15)
 Temple: D:4-7

Altars:
Ru
Vehumet

Shops:
D:2 *

Portals:
Abyss: D:4

Annotations:
D:3 Grinder
D:4 2 transporters, mad's ghost, amateur SpBe


Innate Abilities, Weirdness & Mutations

You are small and have problems with some larger weapons.
You are completely attuned to the shadows.


Message History

Unknown command.
Fire: 2 bolts
Press: ? - help, Q - select action, (/) - cycle Shift-Dir - straight line, f/p - phantom
Aim: a phantom (heavily damaged, 58% to hit)
You shoot a bolt. The bolt barely misses the phantom.
The phantom hits you.
Unknown command.
Fire: bolt
Press: ? - help, Q - select action, (/) - cycle Shift-Dir - straight line, f/p - phantom
Aim: a phantom (heavily damaged, 58% to hit)
You shoot a bolt. The bolt hits the phantom.
The phantom is severely damaged.
The phantom hits you.
The phantom blinks!
You blink.
Okay, then.
Okay, then.
As you read the scroll labelled GEISTI XAIX, it crumbles to dust.
You assume a fearsome visage.
The phantom is unaffected.
It was a scroll of fear.
The phantom closely misses you.
Okay, then.
It was a potion of attraction.
You feel attractive to monsters. The phantom hits you.
The phantom blinks!
You blink.
Okay, then.
As you read the scroll labelled DOETOR TYTAPU, it crumbles to dust.
The creatures around you are filled with an inner flame!
It was a scroll of immolation.
The phantom barely misses you.
As you read the scroll labelled HIFE TAVVASAI, it crumbles to dust.
You hear a loud clanging noise!
It was a scroll of noise.
The phantom closely misses you.
As you read the scroll labelled MAOJUNOSOPT, it crumbles to dust.
It is a scroll of identify.
p - a scroll of enchant weapon The phantom hits you but does no damage.
As you read the scroll labelled FOONTUZECH, it crumbles to dust.
You speak a Word of immense power!
The phantom convulses!
It was a scroll of holy word.
The phantom explodes!
The fiery explosion engulfs you!!!
Ouch! That really hurt!
You die...

#........# #.# #####
#....../.# ....#
########## ###.# #.# .#
#.# .# #.# .#
#.#################.#
#.............@ยงยง.(.#
#####################


There were no monsters in sight!

Vanquished Creatures
  A phantom (D:4)
  A water moccasin skeleton (D:4)
  An orc priest (D:3)
  A jelly (D:4)
  A gnoll (D:1)
  5 adders
  2 ufetubi (D:4)
  3 worms
  2 dart slugs (D:1)
  5 orcs (D:3)
  8 endoplasms
  3 giant cockroaches
  5 hobgoblins
  6 jackals
  2 quokkas
  4 ball pythons
  7 bats
  3 frilled lizards
  10 goblins
  5 kobolds
  4 rats
79 creatures vanquished.

Vanquished Creatures (others)
  A goblin (D:3)
  2 plants (D:2)
3 creatures vanquished.

Grand Total: 82 creatures vanquished

Notes
Turn   | Place    | Note
-------+----------+-------------------------------------------
     0 | D:1      | Host24 the Kobold Hunter began the quest for the Orb.
     0 | D:1      | Reached XP level 1. HP: 12/12 MP: 1/1
    92 | D:1      | Reached skill level 5 in Crossbows
   165 | D:1      | Reached XP level 2. HP: 7/18 MP: 2/2
   618 | D:1      | Found a faded altar of an unknown god.
   684 | D:1      | Reached XP level 3. HP: 17/23 MP: 3/3
  1538 | D:2      | Found Uxtes's Assorted Antiques.
  1727 | D:2      | Reached XP level 4. HP: 27/28 MP: 4/4
  2525 | D:3      | Noticed Grinder
  2636 | D:3      | Found a radiant altar of Vehumet.
  2656 | D:3      | Paralysed by Grinder for 4 turns
  2724 | D:3      | Reached XP level 5. HP: 32/32 MP: 5/5
  2738 | D:3      | Reached skill level 6 in Crossbows
  3087 | D:3      | Found a sacrificial altar of Ru.
  3259 | D:4      | Reached skill level 7 in Crossbows
  3259 | D:4      | Reached XP level 6. HP: 37/37 MP: 6/6
  3452 | D:4      | Noticed a small abomination
  3466 | D:4      | Noticed mad's ghost (amateur SpBe)
  3477 | D:4      | Found a one-way gate to the infinite horrors of the Abyss.
  3510 | D:4      | Found a transporter.
  3545 | D:4      | Found a transporter.
  3751 | D:4      | Noticed an ogre
  3918 | D:4      | Killed by an exploding phantom... ignited by their inner
                  | flame

Illustrated notes

Levels and vault maps discovered:
D:1:      wander_arrival_fairy_ring, layout_loops_ring,
          chequers_ecumenical_altar_simple, minmay_hexomino_c4
D:2:      layout_basic, serial_shops, nicolae_shop_crystal,
          guppyfry_early_lair_pool
D:3:      layout_loops_cross, nicolae_ru_path_of_blood, fiery_altar_vehumet,
          uniq_grinder
D:4:      layout_basic, gammafunk_ghost_abyssal_escape

Skill      XL: |  1  2  3  4  5 |
---------------+----------------+-----
Crossbows      | 5 7 |  7.7
Fighting       | 3 |  3.1
Dodging        | 4 |  4.0
Stealth        | |  1.3

Action                   |  1- 3 |  4- 6 || total
-------------------------+-------+-------++-------
Melee: Short sword       |    86 |    25 ||   111
       Punch             |     1 |     2 ||     3
       Dagger            |       |   111 ||   111
 Fire: Hand crossbow     |     8 |    30 ||    38
  Use: Scroll            |       |     5 ||     5
       Potion            |       |     1 ||     1
 Stab: Sleeping          |    12 |    14 ||    26
Armor: Leather armour    |    19 |    25 ||    44
Dodge: Dodged            |    70 |   128 ||   198
